 Dungeon Crawl Stone Soup version 0.29-a0-664-gff9cad4a3d (webtiles) character file.

Game seed: 4960105445564203866

205 Sobieck the Shooter (level 5, -3/32 HPs)
             Began as a Tengu Hunter on June 22, 2022.
             Slain by a black bear (4 damage)
             ... on level 3 of the Dungeon.
             The game lasted 00:06:31 (2970 turns).

Sobieck the Shooter (Tengu Hunter)                  Turns: 2970, Time: 00:06:32

Health: -3/32      AC:  4    Str: 11    XL:     5   Next: 83%
Magic:  6/6        EV: 15    Int:  9    God:
Gold:   192        SH:  0    Dex: 20    Spells: 4/4 levels left

rFire   . . .      SeeInvis .   a - +1 shortbow {bow}
rCold   + + .      Faith    .   (shield currently unavailable)
rNeg    . . .      Spirit   .   b - +0 leather armour
rPois   .          Reflect  .   (helmet restricted)
rElec   .          Harm     .   y - +0 cloak
rCorr   .          Rampage  .   (no gloves)
Will    .....                   (boots unavailable)
Stlth   ++........              (no amulet)
HPRegen 0.10/turn               t - ring of protection from cold
MPRegen 0.10/turn               A - ring of protection from cold

@: flying quickly and evasively, quick
A: beak, talons 3, nimble flight
a: no special abilities


You were on level 3 of the Dungeon.
You visited 1 branch of the dungeon, and saw 4 of its levels.

You collected 192 gold pieces.


Innate Abilities, Weirdness & Mutations

You have a beak for a mouth.
You have claws for feet.
Your magical nature lets you fly swiftly and evasively.


   Skills:
 + Level 2.9 Fighting
 * Level 5.6 Bows
 + Level 2.1 Armour
 + Level 3.2 Dodging
 + Level 2.4 Stealth


You had 4 spell levels left.
You didn't know any spells.
Your spell library was empty.

Inventory:

Hand Weapons
 a - a +1 shortbow (weapon) {bow}
 j - a +0 short sword {short}
   (You took it off a kobold on level 1 of the Dungeon)
Missiles
 i - 54 stones (quivered) {throwing}
 r - 6 poisoned darts {throwing}
Armour
 b - a +0 leather armour (worn)
 d - a +0 leather armour
   (You found it on level 4 of the Dungeon)
 h - a +0 scale mail
   (You found it on level 1 of the Dungeon)
 p - a +0 leather armour
   (You found it on level 2 of the Dungeon)
 u - a +0 scale mail
   (You took it off Terence on level 2 of the Dungeon)
 x - a +0 leather armour
   (You found it on level 3 of the Dungeon)
 y - a +0 cloak (worn)
   (You found it on level 3 of the Dungeon)
 z - a +0 robe
   (You took it off Jessica on level 3 of the Dungeon)
Jewellery
 t - a ring of protection from cold (left hand)
   (You took it off a kobold on level 2 of the Dungeon)
 A - a ring of protection from cold (right hand)
   (You found it on level 3 of the Dungeon)
Scrolls
 c - 2 scrolls of immolation {!r!r}
 e - a scroll of silence {!r}
 g - a scroll of magic mapping {unknown}
Potions
 f - 2 potions of heal wounds {@q2}
 k - 3 potions of haste {@q3}
 l - a potion of might
 m - a potion of attraction {unknown}
 n - 2 potions of magic
 o - a potion of flight
 q - a potion of cancellation {unknown}
 v - 4 potions of curing {@q1}
 w - a potion of brilliance {unknown}

Dungeon Overview and Level Annotations

Branches:
Dungeon (4/15) Zot: 21079
 Temple: D:4-7

Altars:
Nemelex Xobeh

Shops:
D:2

( ....#..#...........#
....#..'...........#
....####.....#######
....#....##### ....#.##.#
....#.##.######
....#.#.......########
....#.#..............#
....#.#.........@h...#
....#.##.##..........#
†...#.##.##..........##
....#.##.##.........>.#
....#.##.##...........#
....#.................#
###.##.#.#.........)..###
#.#).#...[..........'.#
###.#..###............#.#


You could see a black bear (berserk).


Message History

🤖 Initializing magus.rc ...
Options error: Bad monster_list_colour key: strict_neutral (~/.crawlrc:4811) Bad channel name for runrest: 'pray:' ✅ Successfully initialized magus_sobieck.rc [v0.0.2] Welcome back, Sobieck the Tengu Hunter.
Press ? for a list of commands and other information.
Unknown command.
An adder comes into view.
Danger!
You shoot an arrow. The arrow hits the adder!
The adder hisses angrily.
You shoot an arrow. The arrow completely misses the adder.
A black bear comes into view.
You shoot an arrow. The arrow hits the adder.
You kill the adder!
You shoot an arrow. The arrow hits the black bear.
You shoot an arrow. The arrow hits the black bear!
There is a stone staircase leading up here.
You fly upwards.
There is a stone staircase leading down here.
You reach down and open the door.
There is an open door here.
There is a stone staircase leading down here.
You fly downwards.
There is a stone staircase leading up here.
Unknown command.
d - a +0 leather armour You now have 172 gold pieces (gained 13).
You now have 192 gold pieces (gained 20).
Unknown command.
e - a scroll of silence {!r} Unknown command.
i - 54 stones {throwing} (gained 5)
g - a scroll labelled OWOHONI TAOXUL An ufetubus comes into view.
Danger!
Unknown command.
Unknown command.
You shoot an arrow. The arrow misses the ufetubus.
The ufetubus shouts!
You shoot an arrow. The arrow closely misses the ufetubus.
You shoot an arrow. The arrow hits the ufetubus!
You kill the ufetubus!
No target in view!
Found a stone staircase leading down.
Unknown command.
m - a murky clear potion Unknown command.
An orc comes into view. It is wielding a +0 whip.
The orc moves out of view.
Unknown command.
Unknown command.
An orc wizard comes into view. It is wielding a +0 dagger.
Danger!
Your line of fire to the orc wizard is blocked by a granite statue.
Continue anyway? [Y]es or [N]o only, please.
Your line of fire to the orc wizard is blocked by a granite statue.
Continue anyway?
Okay, then.
Danger!
The black bear growls angrily.
You see here a scroll of teleportation {@r4}.
An orc comes into view. It is wielding a +0 short sword.
The orc shouts!
You hear a shout!
The orc wizard shouts!
Unknown command.
You see here a scroll of teleportation {@r4}.
The black bear barely misses you. The black bear claws you.
The black bear claws you but does no damage.
The black bear barely misses you. x3
An orc comes into view. It is wielding a +0 short sword.
Danger!
There is a stone staircase leading up here.
You shoot an arrow. The arrow hits the black bear.
You shoot an arrow. The arrow hits the black bear!
You shoot an arrow.
The arrow completely misses the black bear.
The arrow barely misses the orc.
The black bear goes berserk!
The black bear bites you! The black bear barely misses you.
The black bear misses you.
You fly upwards.
There is a stone staircase leading down here.
Unknown command.
Unknown command.
You are too injured to fight recklessly!
Unknown command.
Unknown command.
The black bear attacks as you move away!
The black bear closely misses you.
The black bear claws you but does no damage.
The black bear misses you. The black bear barely misses you.
The black bear claws you. x2
* * * LOW HITPOINT WARNING * * *
Unknown command.
The black bear bites you!
* * * LOW HITPOINT WARNING * * *
The black bear claws you.
* * * LOW HITPOINT WARNING * * *
The black bear claws you.
You die...

Skill      XL: |  1  2  3  4  5 |
---------------+----------------+-----
Armour         | 1 2 |  2.1
Bows           | 5 |  5.6
Stealth        | 2 |  2.4
Dodging        | 3 |  3.2
Fighting       | |  2.9

Action                   |  1- 3 |  4- 6 || total
-------------------------+-------+-------++-------
 Fire: Shortbow          |    58 |    93 ||   151
  Use: Scroll            |       |     9 ||     9
Armor: Leather armour    |     4 |     7 ||    11
Dodge: Dodged            |    14 |    24 ||    38

Levels and vault maps discovered:
D:1:      wander_arrival_desolate, layout_basic,
          nicolae_ecumenical_snake_handling, interstate_on_off, st_stairs_8
D:2:      layout_basic, serial_shops, nicolae_shop_waterfront, uniq_terence
D:3:      layout_basic, mainiacjoe_overflow_concentric_impassable, uniq_jessica
D:4:      layout_basic, nicolae_overflow_squiral,
          beargit_hepliaklqana_dungeon_heroes, minivault_1

Notes
Turn   | Place    | Note
-------+----------+-------------------------------------------
     0 | D:1      | Sobieck the Tengu Hunter began the quest for the Orb.
     0 | D:1      | Reached XP level 1. HP: 12/12 MP: 2/2
    94 | D:1      | Reached XP level 2. HP: 17/17 MP: 3/3
   217 | D:1      | Found a faded altar of an unknown god.
   301 | D:1      | Reached XP level 3. HP: 21/21 MP: 4/4
   306 | D:1      | Reached skill level 1 in Armour
   695 | D:2      | Reached skill level 5 in Bows
   706 | D:2      | Reached XP level 4. HP: 27/27 MP: 5/5
   959 | D:2      | Found Coaly's Weapon Boutique.
  1316 | D:2      | Noticed Terence
  1322 | D:2      | Killed Terence
  1323 | D:2      | Reached skill level 2 in Stealth
  1598 | D:2      | Reached skill level 3 in Dodging
  1598 | D:2      | Gained mutation: Your magical nature lets you fly swiftly
                  | and evasively. [Tengu growth]
  1598 | D:2      | Reached XP level 5. HP: 31/31 MP: 6/6
  1959 | D:3      | Found a sparkling altar of Nemelex Xobeh.
  2411 | D:3      | Noticed Jessica
  2412 | D:3      | Killed Jessica
  2413 | D:3      | Reached skill level 2 in Armour
  2774 | D:4      | Noticed a black bear
  2970 | D:3      | HP: 4/32 [black bear (9)]
  2970 | D:3      | HP: 1/32 [black bear (3)]
  2970 | D:3      | Slain by a black bear

Vanquished Creatures
  Jessica (D:3)
  Terence (D:2)
  4 gnolls (D:2)
  4 adders
  An ufetubus (D:4)
  7 dart slugs
  4 endoplasms
  4 giant cockroaches
  7 goblins
  2 hobgoblins
  4 quokkas
  7 ball pythons
  5 bats
  4 frilled lizards
  8 kobolds
  6 rats
69 creatures vanquished.

Table legend:
 A = Non-vault XP
 B = Vault XP
 C = Vault XP percentage of total XP
 D = Non-vault monster count
 E = Vault monster count
 F = Vault count percentage of total count
                 A         B        C        D         E       F
            +---------+---------+-------+---------+---------+-------
      Total |     216 |      77 |  26.3 |      64 |       5 |   7.2
            +---------+---------+-------+---------+---------+-------
        D:1 |      43 |       4 |   8.5 |      22 |       3 |  12.0
        D:2 |      95 |      36 |  27.5 |      16 |       1 |   5.9
        D:3 |      56 |      37 |  39.8 |      24 |       1 |   4.0
        D:4 |      22 |       0 |   0.0 |       2 |       0 |   0.0
            +---------+---------+-------+---------+---------+-------

Illustrated notes

Table legend:
 A = Kills in this place as a percentage of kills in entire the game.
 B = Kills by you in this place as a percentage of kills by you in the entire game.
 C = Kills by friends in this place as a percentage of kills by friends in the entire game.
 D = Other kills in this place as a percentage of other kills in the entire game.
 E = Experience gained in this place as a percentage of experience gained in the entire game.
 F = Experience gained in this place divided by the number of levels of this place that you have seen.
                   A       B       C       D       E      F
               +-------+-------+-------+-------+-------+----------------------
         Total | 100.0 | 100.0 |   N/A |   N/A | 100.0 |  73.2
       Dungeon | 100.0 | 100.0 |   N/A |   N/A | 100.0 |  73.2
               +-------+-------+-------+-------+-------+----------------------

Table legend: (Time is in decaauts)
 A = Elapsed time spent in this place.
 B = Non-inter-level travel time spent in this place.
 C = Inter-level travel time spent in this place.
 D = Time resting spent in this place.
 E = Time spent auto-exploring this place.
 F = Levels seen in this place.
 G = Mean time per level.
                   A        B        C        D        E       F      G
               +--------+--------+--------+--------+--------+-----+--------+
         Total |   2919 |   2763 |    156 |    289 |   2036 |   4 |  729.8 |
       Dungeon |   2919 |   2763 |    156 |    289 |   2036 |   4 |  729.8 |
               +--------+--------+--------+--------+--------+-----+--------+

Top non-repeatable levels by time:
     D:2: 1125 daAuts
     D:3: 973 daAuts
     D:1: 665 daAuts
     D:4: 154 daAuts
